 Dungeon Crawl Stone Soup version 0.30.0-20-g3615ddf2f0 (webtiles) character file.

Game seed: 703652991386496682

166 qw the Chopper (level 5, -2/32 HPs)
             Began as a Gargoyle Fighter on May 30, 2023.
             Slain by a gnoll
             ... wielding a +0 halberd
              (10 damage)
             ... on level 3 of the Dungeon.
             The game lasted 00:01:00 (1585 turns).

qw the Chopper (Gargoyle Fighter)                   Turns: 1585, Time: 00:01:01

Health: -2/32      AC: 13    Str: 22    XL:     5   Next: 47%
Magic:  5/5        EV:  8    Int:  8    God:
Gold:   135        SH:  4    Dex:  9    Spells: 4/4 levels left

rFire   . . .        Y - +0 war axe
rCold   . . .        c - +0 buckler
rNeg    + . .        j - +0 chain mail
rPois   inf          (no helmet)
rElec   +            (no cloak)
rCorr   .            (no gloves)
SInv    .            (no boots)
Will    .....        (no amulet) Stlth
                     (no ring)
HPRegen 0.25/turn    (no ring)
MPRegen 0.09/turn

%: no passive effects
@: no status effects
A: sickness immunity, AC +4, negative energy resistance 1, electricity
resistance, torment resistance 1, petrification resistance
a: no special abilities


You were on level 3 of the Dungeon.
You visited 1 branch of the dungeon, and saw 3 of its levels.

You collected 180 gold pieces.
You spent 45 gold pieces at shops.


Innate Abilities, Weirdness & Mutations

You are immune to sickness and miasma.
Your stone body is resilient. (AC +4)
You are immune to poison.
You resist negative energy. (rN+)
You are resistant to electric shocks. (rElec)
You are resistant to unholy torment.
You are immune to petrification.


   Skills:
 + Level 3.4 Fighting
 - Level 5.0 Axes
 - Level 3.2 Armour
 - Level 3.2 Shields


You had 4 spell levels left.
You didn't know any spells.
Your spell library was empty.

Inventory:

Hand Weapons
 h - a +1 flail of protection
 Y - a +0 war axe (weapon)
Missiles
 g - 2 boomerangs (quivered)
Armour
 c - a +0 buckler (worn)
 j - a +0 chain mail (worn)
Jewellery
 p - a +6 ring of intelligence
Wands
 f - a wand of digging (1)
Scrolls
 a - a scroll of enchant weapon {unknown}
 i - a scroll of identify
 k - a scroll of vulnerability {unknown}
 m - 2 scrolls of teleportation
 n - a scroll of amnesia {unknown}
Potions
 b - a potion of haste {unknown}
 d - 2 potions of might
 e - a potion of resistance
 l - 2 potions of curing
 o - a potion of mutation {unknown}

Dungeon Overview and Level Annotations

Branches:
Dungeon (3/15)

Altars:

Shops:
D:2 [   D:3 :

Annotations:
D:3 2 transporters, qw's ghost, amateur GrFi


Message History

The gnoll hits you but does no damage.
Enter note:
Enter note:
Enter note:
Enter note:
Enter note:
Enter note: You hit the endoplasm.
The endoplasm is moderately wounded.
The gnoll hits you but does no damage. x2
The endoplasm hits you but does no damage.
You barely miss the endoplasm.
The endoplasm is moderately wounded.
The gnoll hits you from afar with a +0 spear.
The gnoll hits you but does no damage. The gnoll barely misses you.
The endoplasm freezes you.
You are frozen.
The gnoll barely misses you. The endoplasm barely misses you.
The gnoll misses you. The gnoll hits you but does no damage.
You slash the endoplasm!
You kill the endoplasm!
The gnoll hits you from afar with a +0 spear.
The gnoll barely misses you. The gnoll hits you but does no damage.
The gnoll hits you with a +0 spear. You block the gnoll's attack.
The gnoll hits you but does no damage.
Enter note:
Enter note:
Enter note:
Enter note:
Enter note:
Enter note: You closely miss the gnoll.
You barely miss the gnoll. You hit the gnoll.
The gnoll hits you with a +0 spear. You block the gnoll's attack.
The gnoll hits you but does no damage.
You hit the gnoll but do no damage.
The gnoll is moderately wounded.
You barely miss the gnoll. You hit the gnoll. You block the gnoll's attack.
The gnoll barely misses you. The gnoll hits you with a +0 spear!
The gnoll hits you but does no damage. The gnoll completely misses you.
The gnoll hits you with a +0 halberd!
You die...

#### ...## #........##
....## #......... .<...#
#........# .....#
##........##. .....####
#............
..........##.........#..
................gg......
..............#%@gS.....
>....#...#.# #..#######.
...#.......###)##
#####..#....#..#
.).......##...## ### #
#%......# #..## #.. #
.%#.....# #...#
#..###.####### #
.)...<..###.#.# #...
........###
........#...#.####.#
#######....


You could see 3 gnolls and an adder.

Vanquished Creatures
  Jessica (D:2)
  3 gnolls (D:3)
  3 adders (D:3)
  4 dart slugs
  5 orcs (D:3)
  3 bats (D:1)
  7 endoplasms
  A giant cockroach (D:1)
  9 goblins
  7 hobgoblins
  4 jackals
  A quokka (D:2)
  5 ball pythons (D:1)
  4 frilled lizards
  5 kobolds
  4 rats
66 creatures vanquished.

Notes
Turn   | Place    | Note
-------+----------+-------------------------------------------
     0 | D:1      | qw the Gargoyle Fighter began the quest for the Orb.
     0 | D:1      | Reached XP level 1. HP: 14/14 MP: 1/1
     0 | D:1      | 0 ||| qw: Version: 0.2-a-102-g2b76a06
     0 | D:1      | 0 ||| qw: Game counter: 473
     0 | D:1      | 0 ||| qw: Always use a shield: true
     0 | D:1      | 0 ||| qw: God list: Okawaru
     0 | D:1      | 0 ||| qw: Allow faded altars: false
     0 | D:1      | 0 ||| qw: Do Orc after D:15 true
     0 | D:1      | 0 ||| qw: Do second Lair branch before Depths: true
     0 | D:1      | 0 ||| qw: Lair rune preference: random
     0 | D:1      | 0 ||| qw: Plans: Normal, Zot:1-4, Slime:5, God:TSO, Crypt,
                  | Tomb, Pan, Hells, Abyss, Win
     0 | D:1      | 0 ||| PLANNING D:1-11
    66 | D:1      | 66 ||| Stepping ~*~*~tactically~*~*~ (stealth).
    72 | D:1      | Reached skill level 2 in Axes
    83 | D:1      | Reached XP level 2. HP: 19/19 MP: 2/2
   117 | D:1      | Found a faded altar of an unknown god.
   118 | D:1      | Noticed an eye of devastation
   119 | D:1      | 119 ||| Stepping ~*~*~tactically~*~*~ (hiding).
   128 | D:1      | 128 ||| Stepping ~*~*~tactically~*~*~ (stealth).
   131 | D:1      | Noticed a floating eye
   131 | D:1      | Noticed a golden eye
   131 | D:1      | Noticed a great orb of eyes
   136 | D:1      | 136 ||| DROPPING +0 club.
   144 | D:1      | 144 ||| Stepping ~*~*~tactically~*~*~ (stealth).
   145 | D:1      | 145 ||| Stepping ~*~*~tactically~*~*~ (stealth).
   157 | D:1      | Reached skill level 3 in Axes
   160 | D:1      | Reached XP level 3. HP: 10/23 MP: 3/3
   219 | D:1      | 219 ||| Stepping ~*~*~tactically~*~*~ (stealth).
   274 | D:1      | 274 ||| Stepping ~*~*~tactically~*~*~ (stealth).
   550 | D:1      | 550 ||| READING scroll labelled JOSOSK NERRO.
   554 | D:1      | 554 ||| READING 2 scrolls labelled AWKOKAWN MIPEUN.
   555 | D:1      | 555 ||| DRINKING 2 golden potions.
   556 | D:1      | 556 ||| DROPPING potion of degeneration.
   697 | D:2      | Found Picsai's Armour Emporium.
   707 | D:2      | 707 ||| BUYING +0 chain mail (45 gold).
   707 | D:2      | Bought a +0 chain mail for 45 gold pieces
   707 | D:2      | 707 ||| SHOPLISTING +0 kite shield (45 gold, have 17).
   707 | D:2      | 707 ||| SHOPLISTING +2 plate armour of cold resistance (400
                  | gold, have 17).
  1039 | D:2      | 1039 ||| UPGRADING to +0 chain mail.
  1049 | D:2      | 1049 ||| DROPPING +0 scale mail.
  1050 | D:2      | 1050 ||| READING scroll labelled VAZXUT MAOQ.
  1051 | D:2      | 1051 ||| READING 3 scrolls labelled MOIPTALASI.
  1052 | D:2      | 1052 ||| DRINKING 2 sedimented blue potions.
  1053 | D:2      | 1053 ||| READING 3 scrolls of identify.
  1053 | D:2      | 1053 ||| IDENTIFYING clear potion
  1054 | D:2      | 1054 ||| READING 2 scrolls of identify.
  1054 | D:2      | 1054 ||| IDENTIFYING grey potion
  1055 | D:2      | 1055 ||| DROPPING potion of flight.
  1056 | D:2      | 1056 ||| DROPPING 2 scrolls of magic mapping.
  1081 | D:3      | Noticed Jessica
  1083 | D:3      | 1083 ||| STAIRDANCE
  1103 | D:3      | 1103 ||| STAIRDANCE
  1105 | D:2      | Killed Jessica
  1106 | D:2      | Reached skill level 4 in Axes
  1106 | D:2      | Reached XP level 4. HP: 25/28 MP: 4/4
  1160 | D:3      | 1160 ||| DROPPING +0 whip.
  1169 | D:3      | Reached XP level 5. HP: 32/32 MP: 5/5
  1194 | D:3      | HP: 5/32 [gnoll/+0 spear (7)]
  1306 | D:3      | 1306 ||| DROPPING +0 flail.
  1440 | D:3      | 1440 ||| Stepping ~*~*~tactically~*~*~ (stealth).
  1441 | D:3      | 1441 ||| Stepping ~*~*~tactically~*~*~ (stealth).
  1444 | D:3      | 1444 ||| Stepping ~*~*~tactically~*~*~ (stealth).
  1449 | D:3      | Noticed qw's ghost (amateur GrFi)
  1450 | D:3      | 1450 ||| Stepping ~*~*~tactically~*~*~ (stealth).
  1451 | D:3      | 1451 ||| Stepping ~*~*~tactically~*~*~ (stealth).
  1456 | D:3      | Noticed an ogre
  1458 | D:3      | Found a transporter.
  1458 | D:3      | Identified the +10 dire flail of Fury {vamp, +Blink rN+
                  | Int+3}
  1458 | D:3      | Noticed an ogre
  1467 | D:3      | Found a transporter.
  1494 | D:3      | Reached skill level 5 in Axes
  1554 | D:3      | Found Zalesh's Book Emporium.
  1571 | D:3      | 1571 ||| Stepping ~*~*~tactically~*~*~ (stealth).
  1585 | D:3      | HP: 8/32 [gnoll/+0 spear (7)]
  1585 | D:3      | Slain by a gnoll

Levels and vault maps discovered:
D:1:      nagdon_arrival_double_spiral, layout_rooms,
          hellmonk_ecumenical_altar_watching_god
D:2:      layout_rooms, serial_shops, shop
D:3:      layout_rooms, serial_shops, shop, gammafunk_ghost_smash, minivault_5,
          uniq_jessica

Skill      XL: |  1  2  3  4  5 |
---------------+----------------+-----
Axes           | 2 3 4 5 |  5.0
Fighting       | |  3.4
Armour         | |  3.2
Shields        | |  3.2

Action                     |  1- 3 |  4- 6 || total
---------------------------+-------+-------++-------
  Melee: War axe           |    95 |    67 ||   162
  Throw: Boomerang         |    31 |    17 ||    48
    Use: Scroll            |     6 |       ||     6
         Potion            |     2 |       ||     2
 Armour: Scale mail        |    48 |       ||    48
         Chain mail        |    11 |    49 ||    60
  Dodge: Dodged            |    54 |    48 ||   102
  Block: Buckler           |    22 |    18 ||    40

Table legend:
 A = Non-vault XP
 B = Vault XP
 C = Vault XP percentage of total XP
 D = Non-vault monster count
 E = Vault monster count
 F = Vault count percentage of total count
                 A         B        C        D         E       F
            +---------+---------+-------+---------+---------+-------
      Total |     201 |      37 |  15.5 |      65 |       1 |   1.5
            +---------+---------+-------+---------+---------+-------
        D:1 |      63 |       0 |   0.0 |      32 |       0 |   0.0
        D:2 |      22 |      37 |  62.7 |      13 |       1 |   7.1
        D:3 |     116 |       0 |   0.0 |      20 |       0 |   0.0
            +---------+---------+-------+---------+---------+-------
